 Dungeon Crawl Stone Soup version 0.23-a0-650-ga4d50d4 (webtiles) character file.

732 WileyCoyote the Poker (level 7, -5/57 HPs)
             Began as a Centaur Chaos Knight on Jan 4, 2019.
             Was a Plaything of Xom.
             Killed by nerve-wracking pain
             ... invoked by a shadow imp
             ... summoned by Xom
              (14 damage)
             ... on level 5 of the Dungeon.
             The game lasted 00:18:40 (5007 turns).

WileyCoyote the Poker (Centaur Chaos Knight)        Turns: 5007, Time: 00:18:41

Health: -5/57      AC: 13    Str: 16    XL:     7   Next: 45%
Magic:  7/7        EV:  7    Int: 11    God:    Xom [......]
Gold:   286        SH:  0    Dex: 11    Spells: 6/6 levels left

rFire    + . .     SeeInvis .   a - +0 halberd
rCold    + . .     Gourm    .   (shield currently unavailable)
rNeg     . . .     Faith    +   q - +2 leather armour
rPois    .         Spirit   .   m - +0 helmet
rElec    .         Reflect  .   u - scarf {rC+ rF+}
rCorr    .         Harm     .   (no gloves)
MR       .....                  p - +1 centaur barding
Stlth    +++.......             f - amulet of faith
HPRegen  0.19/turn              (no ring)
MPRegen  0.10/turn              (no ring)

@: very quick
A: large, hooves 3, camouflage 2, agile 1, blurry vision 1, deformed body, speed
2, tough skin 3
a: Renounce Religion


You were on level 5 of the Dungeon.
You worshipped Xom.
You were a very special plaything of Xom.
You were hungry.

You visited 1 branch of the dungeon, and saw 5 of its levels.

You collected 286 gold pieces.

Inventory:

Hand Weapons
 a - a +0 halberd (weapon)
 b - a +1 hunting sling of freezing
 g - a +0 spear of chaos
Missiles
 h - 156 stones (quivered)
 j - 58 poisoned needles
Armour
 m - a +0 helmet (worn)
 p - a +1 centaur barding (worn)
 q - a +2 leather armour (worn)
 u - a scarf of resistance (worn)
Jewellery
 f - an amulet of faith (around neck)
 r - an uncursed ring of protection from fire {unknown}
Scrolls
 d - 10 scrolls of identify {unknown}
 e - a scroll of fog {unknown}
 o - 2 scrolls of teleportation
 s - 2 scrolls of remove curse {unknown}
Potions
 i - 3 potions of heal wounds
 k - a potion of ambrosia {unknown}
 l - a potion of berserk rage {unknown}
 n - 2 potions of curing {unknown}
 t - 2 potions of lignification {unknown}
 v - a potion of agility {unknown}
 w - a potion of haste {unknown}
Comestibles
 c - 12 rations


   Skills:
 - Level 3.4 Fighting
 + Level 6.2 Polearms
 - Level 4.0 Slings
 + Level 2.9 Armour
 - Level 0.6 Dodging


You had 6 spell levels left.
You didn't know any spells.
Your spell library was empty.

Dungeon Overview and Level Annotations

Branches:
Dungeon (5/15)             Temple (0/1) D:5

Altars:
Elyvilon
Gozag
Hepliaklqana
Kikubaaqudgha
Nemelex Xobeh
Okawaru
Sif Muna
Trog
Xom

Annotations:
D:3 exclusion: downstairs
D:5 exclusion: oklob sapling


Innate Abilities, Weirdness & Mutations

You have hooves in place of feet.
Armour fits poorly on your strangely shaped body.
You cover ground very quickly.
You have extremely tough skin. (AC +3)
Your skin blends seamlessly with your surroundings (Stealth++).
You are agile. (Dex +2)
Scrolls take you a little longer to read.


Message History

You hit the iron imp but do no damage. You kick the iron imp!
You kill the iron imp!
You feel sick.
The quasit bites you but does no damage.
The quasit completely misses you.
The quasit claws you but does no damage.
The quasit closely misses you.
The quasit claws you but does no damage.
The quasit barely misses you.
Things that are here:
a +0 mace; 2 stones; an orc corpse You see here 2 stones.
You see here a stone.
You feel sick.
You are no longer poisoned.
You see here a stone.
You see here a stone.
The shadow imp gestures at you. Pain shoots through your body!
You die...

##### ##...##
##.....##
#.......#
#(......#
#.......#
###...@.#
........(##
###....5(.#
#......(# ######
#......(######
##..>..
.........5)5.(#
#..####
#####...######.#
#.## ...##.#
#.###.# ... #.
#..##.#


You could see a quasit and a shadow imp.

Vanquished Creatures
  A bullfrog (shapeshifter) (D:2)
  A scorpion (D:5)
  A howler monkey (D:4)
  A centaur zombie (D:5)
  2 hounds (D:4)
  2 orc priests (D:4)
  3 orc wizards (D:4)
  A bullfrog skeleton (D:5)
  An iguana (shapeshifter) (D:3)
  An iguana (D:5)
  2 worker ants
  Robin (D:2)
  5 gnolls
  6 adders
  A shadow imp (D:5)
  2 worms
  2 leopard geckos
  7 orcs
  4 giant cockroaches
  18 goblins
  8 hobgoblins
  6 jackals
  13 kobolds
  A quokka (D:4)
  2 ball pythons (D:4)
  6 bats
  5 frilled lizards
  2 quokka skeletons
  3 rats (D:1)
108 creatures vanquished.

Notes
Turn   | Place    | Note
-------+----------+-------------------------------------------
     0 | D:1      | WileyCoyote the Centaur Chaos Knight began the quest for
                  | the Orb.
     0 | D:1      | Reached XP level 1. HP: 19/19 MP: 1/1
   128 | D:1      | Reached XP level 2. HP: 21/26 MP: 2/2
   184 | D:1      | Reached skill level 3 in Polearms
   493 | D:1      | XOM: harmless Ice miscast
   823 | D:2      | Noticed Robin
   879 | D:2      | Noticed a bullfrog
   879 | D:2      | a jackal changed into a bullfrog
   885 | D:2      | Killed a bullfrog
   885 | D:2      | Reached skill level 4 in Polearms
   885 | D:2      | Reached XP level 3. HP: 31/31 MP: 3/3
   885 | D:2      | Reached XP level 4. HP: 38/38 MP: 4/4
  1065 | D:2      | Killed Robin
  1274 | D:2      | Reached XP level 5. HP: 45/45 MP: 5/5
  1744 | D:2      | Found an opulent altar of Gozag.
  1750 | D:2      | Found an iron altar of Okawaru.
  1791 | D:2      | XOM: draining
  1811 | D:2      | Found a bloodstained altar of Trog.
  1812 | D:2      | Found a deep blue altar of Sif Muna.
  1950 | D:3      | XOM: noise
  1955 | D:3      | XOM: noise
  2018 | D:2      | Found a shimmering altar of Xom.
  2018 | D:2      | Found an ancient bone altar of Kikubaaqudgha.
  2213 | D:3      | Reached skill level 5 in Polearms
  2376 | D:3      | XOM: severe Air miscast
  2681 | D:3      | Reached XP level 6. HP: 51/51 MP: 6/6
  2762 | D:3      | XOM: summons 4 hostile shadow creatures
  2775 | D:3      | XOM: harmless Summ miscast
  3104 | D:3      | XOM: give mutations
  3104 | D:3      | Gained mutation: Scrolls take you a little longer to read.
                  | [Xom's mischief]
  3104 | D:3      | Gained mutation: You occasionally shout uncontrollably at
                  | your foes. [Xom's mischief]
  3104 | D:3      | Gained mutation: You are weak. (Str -2) [Xom's mischief]
  3104 | D:3      | Gained mutation: You are partially covered in iridescent
                  | scales. (AC +2) [Xom's mischief]
  3151 | D:3      | XOM: give mutations
  3151 | D:3      | Gained mutation: You are very weak. (Str -4) [Xom's
                  | mischief]
  3151 | D:3      | Gained mutation: Your mind is acute. (Int +2) [Xom's
                  | mischief]
  3151 | D:3      | Lost mutation: You are partially covered in iridescent
                  | scales. (AC +2) [Xom's mischief]
  3151 | D:3      | Lost mutation: Your mind is acute. (Int +2) [Xom's
                  | mischief]
  3308 | D:4      | XOM: blink monster(s)
  3351 | D:4      | Reached skill level 1 in Slings
  3354 | D:4      | XOM: mild Fire miscast
  3368 | D:4      | XOM: swap monsters
  3421 | D:4      | XOM: 3-stop teleportation journey
  3423 | D:4      | XOM: enchant monster (bad)
  3429 | D:4      | XOM: enchant monster (good)
  3485 | D:4      | XOM: harmless Chrm miscast
  3532 | D:4      | XOM: enchant monster (good)
  3627 | D:4      | XOM: confuse monster(s)
  3918 | D:4      | XOM: give mutations
  3918 | D:4      | Gained mutation: Your skin changes colour to match your
                  | surroundings (Stealth+). [Xom's grace]
  3918 | D:4      | Gained mutation: You are agile. (Dex +2) [Xom's grace]
  3918 | D:4      | Gained mutation: You are resistant to hostile enchantments.
                  | (MR+) [Xom's grace]
  3920 | D:4      | XOM: divination: detect items
  4001 | D:4      | XOM: divination: detect items
  4173 | D:4      | Found a hazy altar of Hepliaklqana.
  4173 | D:4      | XOM: mild Tloc miscast
  4299 | D:4      | Reached XP level 7. HP: 50/57 MP: 7/7
  4336 | D:5      | Entered Level 5 of the Dungeon
  4336 | D:5      | Found a staircase to the Ecumenical Temple.
  4543 | D:5      | Found a white marble altar of Elyvilon.
  4576 | D:5      | Found a sparkling altar of Nemelex Xobeh.
  4605 | D:5      | XOM: severe Erth miscast
  4623 | D:5      | XOM: swap monsters
  4629 | D:5      | XOM: chaos upgrade
  4641 | D:5      | XOM: 3-stop teleportation journey
  4656 | D:5      | Reached skill level 6 in Polearms
  4730 | D:5      | XOM: give mutations
  4730 | D:5      | Gained mutation: You are dopey. (Int -2) [Xom's mischief]
  4730 | D:5      | Lost mutation: You are resistant to hostile enchantments.
                  | (MR+) [Xom's mischief]
  4730 | D:5      | Lost mutation: You occasionally shout uncontrollably at
                  | your foes. [Xom's mischief]
  4730 | D:5      | Lost mutation: You are dopey. (Int -2) [Xom's mischief]
  4806 | D:5      | XOM: give mutations
  4806 | D:5      | Gained mutation: Your skin blends seamlessly with your
                  | surroundings (Stealth++). [Xom's mischief]
  4806 | D:5      | Lost mutation: You are very weak. (Str -4) [Xom's mischief]
  4806 | D:5      | Lost mutation: You are weak. (Str -2) [Xom's mischief]
  4967 | D:5      | XOM: noise
  4976 | D:5      | XOM: summons 2 hostile shadow creatures
  4991 | D:5      | XOM: summons 3 hostile demons
  5007 | D:5      | Killed from afar by a shadow imp

Vault maps used:
D:1:      dpeg_arrival_arbitrary_c
D:2:      nicolae_overflow_hidden_temple, gammafunk_temple_overflow_pools,
          uniq_robin
D:3:      grunt_decor_cap, kennysheep_nondescript,
          chequers_serial_rivers_micro_d
D:4:      marbit_many_paths
D:5:      lemuel_crystal_altar, old_standard_altar, minmay_temple_entry_oklob,
          first_ration

Skill      XL: |  1  2  3  4  5  6  7 |
---------------+----------------------+-----
Polearms       | 4 5 6 |  6.2
Armour         | 2 |  2.9
Slings         | 3 4 |  4.0
Fighting       | |  3.4
Dodging        | |  0.6

Action                   |  1- 3 |  4- 6 |  7- 9 || total
-------------------------+-------+-------+-------++-------
Melee: Spear             |    73 |   199 |       ||   272
       Kick              |     8 |    26 |     5 ||    39
       Halberd           |       |    59 |    12 ||    71
 Fire: Hunting sling     |       |   101 |    63 ||   164
  Use: Scroll            |       |     1 |       ||     1
       Potion            |       |     1 |       ||     1
 Stab: Paralysed         |     4 |     5 |       ||     9
       Confused          |     1 |       |       ||     1
       Sleeping          |       |     1 |       ||     1
  Eat: Chunk             |       |     8 |     1 ||     9
Armor: Leather armour    |     6 |   132 |    44 ||   182
       Ring mail         |     5 |       |       ||     5
Dodge: Dodged            |    17 |    67 |    25 ||   109

Table legend:
 A = Non-vault XP
 B = Vault XP
 C = Vault XP percentage of total XP
 D = Non-vault monster count
 E = Vault monster count
 F = Vault count percentage of total count
                 A         B        C        D         E       F
            +---------+---------+-------+---------+---------+-------
      Total |     914 |     133 |  12.7 |      95 |      13 |  12.0
            +---------+---------+-------+---------+---------+-------
        D:1 |      27 |       0 |   0.0 |      18 |       0 |   0.0
        D:2 |      89 |     133 |  59.9 |      21 |      13 |  38.2
        D:3 |     138 |       0 |   0.0 |      23 |       0 |   0.0
        D:4 |     391 |       0 |   0.0 |      20 |       0 |   0.0
        D:5 |     269 |       0 |   0.0 |      13 |       0 |   0.0
            +---------+---------+-------+---------+---------+-------
